 Dungeon Crawl Stone Soup version 0.24.0-10-g970556be89 (webtiles) character file.

Game seed: 4078793180036762814, levelgen mode: deterministic

505 DavidChitty2 the Poker (level 7, -7/56 HPs)
             Began as a Gnoll Wanderer on Nov 3, 2019.
             Killed from afar by an orc wizard (8 damage)
             ... with a magic dart
             ... on level 4 of the Dungeon.
             The game lasted 00:08:00 (4064 turns).

DavidChitty2 the Poker (Gnoll Wanderer)             Turns: 4064, Time: 00:08:00

Health: -7/56      AC:  9    Str: 15 (17) XL:     7   Next: 18%
Magic:  10/10      EV:  2    Int: 11 (14) God:
Gold:   103        SH:  0    Dex: 13 (14) Spells: 10/10 levels left

rFire    + . .     SeeInvis .   w - +2 dagger (venom)
rCold    . . .     Gourm    .   q - +0 large shield
rNeg     . . .     Faith    .   B - +1 chain mail
rPois    +         Spirit   .   (no helmet)
rElec    .         Reflect  .   (no cloak)
rCorr    .         Harm     .   (no gloves)
MR       .....                  (no boots)
Stlth    ..........             (no amulet)
HPRegen  0.18/turn              i - ring of protection from fire
MPRegen  0.12/turn              y - ring of poison resistance

@: confused, lightly drained
A: distributed training, fangs 1, strong nose
a: no special abilities


You were on level 4 of the Dungeon.
You were hungry.

You visited 1 branch of the dungeon, and saw 4 of its levels.
You also visited: Sewer.

You collected 103 gold pieces.

Inventory:

Hand Weapons
 a - a +2 dagger of electrocution
   (You took it off Jessica on level 2 of the Dungeon)
 b - a +0 hunting sling
   (You took it off a goblin on level 2 of the Dungeon)
 w - a +2 dagger of venom (weapon)
   (You took it off a goblin on level 3 of the Dungeon)
Missiles
 f - 80 stones (quivered)
Armour
 q - a +0 large shield (worn)
   (You found it on level 2 of the Dungeon)
 B - a +1 chain mail (worn)
   (You took it off an orc on level 3 of the Dungeon)
Jewellery
 g - an uncursed ring of resist corrosion
   (You found it on level 1 of the Dungeon)
 i - a ring of protection from fire (left hand)
   (You found it on level 1 of the Dungeon)
 y - a ring of poison resistance (right hand)
   (You found it on level 3 of the Dungeon)
Scrolls
 n - 7 scrolls of teleportation {@r4}
Potions
 c - 3 potions of lignification {!q}
 m - a potion of degeneration {!q}
 s - a potion of might
 u - a potion of haste {@q3}
Comestibles
 d - 5 chunks of flesh
 e - 6 rations {!d}


   Skills:
 + Level 5.1(4.9) Fighting
 + Level 5.1(4.9) Short Blades
 + Level 2.2(2.1) Long Blades
 + Level 2.2(2.1) Axes
 + Level 2.2(2.1) Maces & Flails
 + Level 5.1(4.9) Polearms
 + Level 2.2(2.1) Staves
 + Level 2.2(2.1) Slings
 + Level 2.2(2.1) Bows
 + Level 2.2(2.1) Crossbows
 + Level 3.4(3.2) Throwing
 + Level 2.2(2.1) Armour
 + Level 2.2(2.1) Dodging
 + Level 4.8(4.6) Stealth
 + Level 3.4(3.2) Shields
 + Level 2.2(2.1) Unarmed Combat
 + Level 2.2(2.1) Spellcasting
 + Level 1.8(1.6) Conjurations
 + Level 1.8(1.6) Hexes
 + Level 1.8(1.6) Charms
 + Level 1.8(1.6) Summonings
 + Level 1.8(1.6) Necromancy
 + Level 1.8(1.6) Translocations
 + Level 1.8(1.6) Transmutations
 + Level 1.8(1.6) Fire Magic
 + Level 1.8(1.6) Ice Magic
 + Level 1.8(1.6) Air Magic
 + Level 1.8(1.6) Earth Magic
 + Level 1.8(1.6) Poison Magic
 + Level 2.5(2.3) Invocations
 + Level 2.2(2.1) Evocations


You had 10 spell levels left.
You didn't know any spells.
Your spell library contained the following spells:

 Spells                   Type           Power        Failure   Level  Hunger
 Animate Skeleton         Necr           N/A          100%        1    ##.....
 Apportation              Tloc           #.....       100%        1    ##.....
 Confusing Touch          Hex            #.....       100%        1    ##.....
 Summon Small Mammal      Summ           #...         100%        1    ##.....


Dungeon Overview and Level Annotations

Branches:
Dungeon (4/15)              Sewer (visited)
 Temple: D:4-7

Altars:


Innate Abilities, Weirdness & Mutations

Your experience applies equally to all skills.
You have very sharp teeth.
Your uncanny sense of smell can sniff out nearby items.


Message History

Unknown command.
Something hits you but does no damage.
The orc wizard hits you but does no damage.
You miss the orc wizard.
You feel less confused.
You hear some strange, mumbled words.
A magic dart appears from out of thin air!
The magic dart hits you!
* * * LOW HITPOINT WARNING * * *
The orc wizard hits you but does no damage.
You hit the orc wizard. You block something's attack.
Okay, then.
You closely miss the orc wizard.
The orc wizard mumbles some strange words.
The orc wizard flickers and vanishes!
Something hits you but does no damage.
You miss something.
You hear some strange, mumbled words.
A magic dart appears from out of thin air!
The magic dart hits you!
* * * LOW HITPOINT WARNING * * *
You hear some strange, mumbled words.
You are confused.
You hear some strange, mumbled words.
Something tries to affect you, but you resist.
You're too confused to move!
Something hits you but does no damage.
You completely miss something.
An orc wizard appears from thin air!
Reactivating autopickup.
Something hits you but does no damage.
Deactivating autopickup; reactivate with Ctrl-A.
You completely miss something. Your bite misses something.
The orc wizard mumbles some strange words.
The orc wizard flickers and vanishes!
You hear some strange, mumbled words.
You are more confused.
You completely miss something. Something hits you but does no damage.
Something hits you but does no damage.
You closely miss something. Something hits you.
* * * LOW HITPOINT WARNING * * *
Something hits you.
* * * LOW HITPOINT WARNING * * *
You completely miss something. You bite something.
Something hits you but does no damage.
You hear some strange, mumbled words.
A magic dart appears from out of thin air!
The magic dart hits you!
You die...

###.......# #.)#
####.).## ##)##
###..# ###.[##.#
###.#####......#
###....#.......).#
###..........####.##
##......)....## .#
........{.#..## .##
#......@####).###.#
#......## #.)#..#
#...... ##...#
#.....# ##.## ##...#
#.))## #....
##....###### ....
#.#....##..## ....
#.##....#....
######.......


There were no monsters in sight!

Vanquished Creatures
  A scorpion (D:4)
  A hound (D:4)
  2 orc wizards (D:4)
  Jessica (D:2)
  Terence (D:2)
  2 worker ants
  A hound skeleton (D:3)
  A worker ant zombie (D:3)
  4 adders
  9 river rats (Sewer)
  A worm (D:3)
  2 dart slugs (D:2)
  3 leopard geckos
  19 orcs
  10 bats
  2 giant cockroaches (D:3)
  7 goblins
  4 hobgoblins
  18 jackals
  2 ball pythons
  10 frilled lizards
  4 kobolds (D:1)
  19 rats
124 creatures vanquished.

Vanquished Creatures (others)
  An orc wizard (D:4)
1 creature vanquished.

Grand Total: 125 creatures vanquished

Notes
Turn   | Place    | Note
-------+----------+-------------------------------------------
     0 | D:1      | DavidChitty2 the Gnoll Wanderer began the quest for the
                  | Orb.
     0 | D:1      | DavidChitty2 set off with the following items: a +2 short
                  | sword, a +0 spear, a potion of lignification {!q}, a +0
                  | robe, a ration {!d}, a +0 dagger
     0 | D:1      | Reached XP level 1. HP: 20/20 MP: 1/1
   297 | D:1      | Reached XP level 2. HP: 26/26 MP: 2/2
   884 | D:1      | Reached XP level 3. HP: 30/31 MP: 3/3
  1044 | D:2      | Noticed Terence
  1067 | D:2      | Killed Terence
  1067 | D:2      | Reached skill level 1 in Long Blades
  1067 | D:2      | Reached skill level 1 in Axes
  1067 | D:2      | Reached skill level 1 in Maces & Flails
  1067 | D:2      | Reached skill level 1 in Staves
  1067 | D:2      | Reached skill level 1 in Slings
  1067 | D:2      | Reached skill level 1 in Bows
  1067 | D:2      | Reached skill level 1 in Crossbows
  1067 | D:2      | Reached skill level 1 in Armour
  1067 | D:2      | Reached skill level 1 in Dodging
  1067 | D:2      | Reached skill level 1 in Unarmed Combat
  1067 | D:2      | Reached skill level 1 in Spellcasting
  1067 | D:2      | Reached skill level 1 in Invocations
  1067 | D:2      | Reached skill level 1 in Evocations
  1067 | D:2      | Reached XP level 4. HP: 36/38 MP: 5/5
  1433 | D:2      | Reached skill level 1 in Conjurations
  1433 | D:2      | Reached skill level 1 in Hexes
  1433 | D:2      | Reached skill level 1 in Charms
  1433 | D:2      | Reached skill level 1 in Summonings
  1433 | D:2      | Reached skill level 1 in Necromancy
  1433 | D:2      | Reached skill level 1 in Translocations
  1433 | D:2      | Reached skill level 1 in Transmutations
  1433 | D:2      | Reached skill level 1 in Fire Magic
  1433 | D:2      | Reached skill level 1 in Ice Magic
  1433 | D:2      | Reached skill level 1 in Air Magic
  1433 | D:2      | Reached skill level 1 in Earth Magic
  1433 | D:2      | Reached skill level 1 in Poison Magic
  1686 | D:2      | Noticed Jessica
  1694 | D:2      | Killed Jessica
  1694 | D:2      | Reached XP level 5. HP: 29/43 MP: 5/7
  1969 | D:3      | Found a glowing drain.
  2047 | Sewer    | Entered a sewer
  2515 | Sewer    | Reached XP level 6. HP: 50/50 MP: 8/8
  3198 | D:3      | Reached skill level 5 in Fighting
  3198 | D:3      | Reached skill level 5 in Short Blades
  3198 | D:3      | Reached skill level 5 in Polearms
  3718 | D:4      | Reached XP level 7. HP: 47/56 MP: 10/10
  4063 | D:4      | HP: 1/56 [something (2)]
  4064 | D:4      | Killed from afar by an orc wizard

Levels and vault maps discovered:
D:1:      minmay_arrival_plants_in_alcoves, layout_loops_cross,
          grunt_decor_arrowhead
D:2:      layout_rooms, minmay_diced_spiral, uniq_jessica, uniq_terence
D:3:      layout_rooms, serial_bayou, serial_bayou_lake_a,
          serial_bayou_lagoon_a, serial_bayou_shore_a, serial_bayou_shore_b,
          cheibrodos_sewer_entry_drain
D:4:      layout_layer_cave, old_standard_altar, minmay_temple_entry_trees,
          ebering_ghost_disaster_area, uniq_edmund

Skill      XL: |  1  2  3  4  5  6 |
---------------+-------------------+-----
Long Blades    | 1 2 |  2.2
Axes           | 1 2 |  2.2
Maces & Flails | 1 2 |  2.2
Staves         | 1 2 |  2.2
Slings         | 1 2 |  2.2
Bows           | 1 2 |  2.2
Crossbows      | 1 2 |  2.2
Armour         | 1 2 |  2.2
Dodging        | 1 2 |  2.2
Unarmed Combat | 1 2 |  2.2
Spellcasting   | 1 2 |  2.2
Invocations    | 1 2 |  2.5
Evocations     | 1 2 |  2.2
Conjurations   | 1 |  1.8
Hexes          | 1 |  1.8
Charms         | 1 |  1.8
Summonings     | 1 |  1.8
Necromancy     | 1 |  1.8
Translocations | 1 |  1.8
Transmutations | 1 |  1.8
Fire Magic     | 1 |  1.8
Ice Magic      | 1 |  1.8
Air Magic      | 1 |  1.8
Earth Magic    | 1 |  1.8
Poison Magic   | 1 |  1.8
Throwing       | 3 |  3.4
Shields        | 3 |  3.4
Fighting       | 5 |  5.1
Short Blades   | 5 |  5.1
Polearms       | 5 |  5.1
Stealth        | |  4.8

Action                   |  1- 3 |  4- 6 |  7- 9 || total
-------------------------+-------+-------+-------++-------
Melee: Short sword       |   119 |    43 |       ||   162
       Bite              |    11 |    16 |     7 ||    34
       Dagger            |       |   212 |    83 ||   295
 Fire: Hunting sling     |       |     6 |    31 ||    37
  Use: Scroll            |       |     8 |       ||     8
       Potion            |       |     5 |     1 ||     6
 Stab: Sleeping          |       |     7 |       ||     7
  Eat: Chunk             |     1 |     8 |     1 ||    10
Armor: Robe              |     9 |       |       ||     9
       Scale mail        |    43 |    67 |       ||   110
       Chain mail        |       |    24 |    89 ||   113
Dodge: Dodged            |    73 |    57 |    11 ||   141
Block: Large shield      |       |   153 |    39 ||   192
